 Dungeon Crawl Stone Soup version bcrawl-1.32 (webtiles) character file.

Game seed: 6251453769976401163

13553582 Artagas the End of an Era (level 27, 250/250 HPs)
             Began as an Oni Wizard on May 14, 2021.
             Was the Champion of Qazlal.
             Escaped with the Orb
             ... and 4 runes on July 2, 2021!
             The game lasted 05:12:56 (83317 turns).

Artagas the End of an Era (Oni Wizard)             Turns: 83317, Time: 05:12:57

Health: 250/250    AC: 35    Str: 17      XL:     27
Magic:  36/37      EV: 17    Int: 22 (27) God:    Qazlal [******]
Gold:   5054       SH: 31    Dex: 12      Spells: 6/61 levels left

rFire    + + +     SeeInvis +   a - +9 quick blade of Xom's Supremacy {pierce, -Tele rPois Int+2 Stlth+}
rCold    x . .     Gourm    .   Z - +5 medium shield
rNeg     + . .     Faith    .   J - +10 ring mail of the Shoals {rF- rN+ Regen+ Stlth+}
rPois    +         Spirit   .   Q - +2 hat {Int+3}
rElec    +         Reflect  +   X - +4 dragonskin cloak
rCorr    .         Harm     .   u - +2 pair of gloves of Bad Feelings {Regen+ Str+5 Stlth-}
MR       +++..     NoTele   +   f - +2 pair of boots of Depression {rF++ MP-9 Dex+4 Slay+3}
Stlth    +.........             r - +4 amulet of reflection
HPRegen  1.31/turn              m - ring of protection from magic
MPRegen  0.25/turn              G - ring of Soiplut {Fire +Inv rElec Str-5 SInv}

@: exhausted, infused (expiring), studying 3 skills, repel missiles
A: oni magic, claws 1, fangs 1, horns 1, iridescent scales 1, clumsy 2, weak 1,
MP-powered wands
0: Orb of Zot
}: 4/15 runes: serpentine, barnacled, slimy, silver
a: Upheaval, Elemental Force, Disaster Area, Renounce Religion, Evoke
Invisibility


You escaped.
You worshipped Qazlal.
Qazlal was exalted by your worship.
You were full.

You visited 12 branches of the dungeon, and saw 48 of its levels.
You visited the Abyss 1 time.
You visited 1 bazaar.
You also visited: Ossuary.

You collected 7462 gold pieces.
You spent 2408 gold pieces at shops.

Inventory:

Hand Weapons
 a - the +9 quick blade of Xom's Supremacy (weapon) {pierce, -Tele rPois Int+2 Stlth+}
   (You acquired it on level 3 of the Lair of Beasts)

   It will always inflict at least some extra damage.
   This minimum extra damage increases with your current reserve of magical
   power.
   It affects your intelligence (+2).
   It protects you from poison.
   It prevents most forms of teleportation.
   It makes you more stealthy.
Missiles
 U - 9 throwing nets {=f}
 V - 1363 poisoned tomahawks (quivered)
Armour
 f - the +2 pair of boots of Depression (worn) {rF++ MP-9 Dex+4 Slay+3}
   (You acquired it on level 5 of the Pits of Slime)

   It affects your dexterity (+4).
   It affects your accuracy and damage with ranged weapons and melee attacks
   (+3).
   It greatly protects you from fire.
   It affects your magic capacity (-9).
 u - the +2 pair of gloves of Bad Feelings (worn) {Regen+ Str+5 Stlth-}
   (You found it on level 3 of the Elven Halls)

   It affects your strength (+5).
   It increases your rate of regeneration.
   It makes you less stealthy.
 J - the +10 ring mail of the Shoals (worn) {rF- rN+ Regen+ Stlth+}
   (You found it on level 4 of the Depths)

   It makes you vulnerable to fire.
   It protects you from negative energy.
   It increases your rate of regeneration.
   It makes you more stealthy.
 Q - a +2 hat of intelligence (worn)
   (You found it on level 2 of the Lair of Beasts)
 X - the +4 dragonskin cloak (worn)
   (You took it off Tiamat on level 3 of the Realm of Zot)
 Z - a +5 medium shield (worn)
   (You took it off a gnoll sergeant on level 7 of the Dungeon)
Jewellery
 b - the ring of Duxkaj {rElec Int+4}
   (You found it on level 5 of the Pits of Slime)

   [ring of insulation]

   It affects your intelligence (+4).
   It insulates you from electricity.
 c - an uncursed ring of protection from magic
   (You bought it in a shop on level 8 of the Dungeon)
 m - a ring of protection from magic (left hand)
   (You found it on level 1 of the Dungeon)
 o - the ring "Lusuoluo" {rPois rF+ rC- rN+++ SInv}
   (You took it off a deep elf archer on level 3 of the Elven Halls)

   [ring of see invisible]

   It protects you from fire.
   It makes you vulnerable to cold.
   It protects you from poison.
   It renders you almost immune to negative energy.
   It lets you see invisible.
 p - a +4 ring of protection
   (You found it on level 3 of the Lair of Beasts)
 r - a +4 amulet of reflection (around neck)
   (You took it off a deep elf archer on level 1 of the Elven Halls)
 G - the ring of Soiplut (right hand) {Fire +Inv rElec Str-5 SInv}
   (You found it on level 7 of the Dungeon)

   [ring of fire]

   It enhances your fire magic.
   It affects your strength (-5).
   It protects you from fire.
   It makes you vulnerable to cold.
   It insulates you from electricity.
   It lets you see invisible.
   It lets you turn invisible.
 O - the amulet "Qaggaal" {Faith rF++ Dex+3}
   (You found it on level 3 of the Vaults)

   [amulet of faith]

   It allows you to gain divine favour quickly.
   It affects your dexterity (+3).
   It greatly protects you from fire.
 T - the ring of the Ban {+Blink rC+ rN+ Dex+3}
   (You acquired it on level 3 of the Depths)

   [ring of protection from cold]

   It affects your dexterity (+3).
   It protects you from cold.
   It protects you from negative energy.
   It lets you blink.
Wands
 g - a wand of clouds (8)
   (You found it on level 4 of the Lair of Beasts)
 k - a wand of scattershot (2)
   (You took it off an ironheart preserver on level 3 of the Vaults)
 v - a wand of digging (6)
   (You found it on level 5 of the Lair of Beasts)
 E - a wand of paralysis (33)
   (You found it on level 4 of the Dungeon)
 M - a wand of acid (25)
   (You found it on level 1 of the Lair of Beasts)
 P - a wand of iceblast (36)
   (You found it on level 5 of the Lair of Beasts)
Scrolls
 l - 12 scrolls of fear
 t - 19 scrolls of teleportation
 x - 4 scrolls of vulnerability
 z - 6 scrolls of blinking
 A - 5 scrolls of magic mapping
 R - 4 scrolls of fog
 W - 3 scrolls of immolation
Potions
 d - 9 potions of might
 h - 3 potions of haste
 i - 8 potions of brilliance
 n - 3 potions of resistance
 q - 21 potions of curing
 s - 7 potions of agility
 w - 9 potions of heal wounds
 y - 5 potions of mutation
 B - 3 potions of invisibility
 C - 7 potions of flight
 F - 3 potions of ambrosia
 K - 3 potions of magic
 N - 3 potions of lignification
 S - 2 potions of cancellation
Miscellaneous
 D - a phial of floods
   (You found it on level 3 of the Vaults)
 H - 4 phantom mirrors
 I - a box of beasts
 L - a sack of spiders
   (You found it on level 3 of the Vaults)
 Y - a lamp of fire
   (You found it on level 3 of the Depths)
Comestibles
 e - 39 rations {!d}


   Skills:
 - Level 21.0 Fighting
 - Level 10.0 Short Blades
 - Level 15.0 Armour
 - Level 17.0 Dodging
 - Level 8.0 Stealth
 - Level 17.0 Shields
 + Level 17.5 Spellcasting
   Level 17.5 Conjurations
   Level 17.5 Hexes
   Level 17.5 Charms
   Level 17.5 Summonings
   Level 17.5 Necromancy
   Level 17.5 Translocations
   Level 17.5 Transmutations
   Level 17.5 Fire Magic
   Level 17.5 Ice Magic
   Level 17.5 Air Magic
   Level 17.5 Earth Magic
   Level 17.5 Poison Magic
 - Level 22.0 Invocations
 - Level 13.0 Evocations


You had 6 spell levels left.
You knew the following spells:

 Your Spells              Type           Power        Failure   Level  Hunger
a - Infusion              Chrm           #######.     0%          1    None
b - Mephitic Cloud        Conj/Pois/Air  #######.     1%          3    None
c - Ignite Poison         Fire/Tmut/Pois #######.     1%          3    None
d - Bolt of Magma         Conj/Fire/Erth #######...   1%          5    None
e - Call Imp              Summ           ######       0%          2    None
f - Blink                 Tloc           N/A          0%          2    None
g - Tukima's Dance        Hex            #######.     0%          3    None
h - Conjure Flame         Conj/Fire      #######.     1%          3    None
i - Animate Dead          Necr           N/A          1%          4    None
j - Corpse Rot            Necr           N/A          0%          2    None
k - Infestation           Hex/Tmut/Pois  #######..    2%          6    None
l - Monstrous Menagerie   Summ           #######...   3%          7    ###....
m - Darkness              Hex            #######...   1%          6    None
n - Borgnjor's Revivific  Necr           #######...   24%         8    #####..

Your spell library contained the following spells:

 Spells                   Type           Power        Failure   Level  Hunger
 Magic Dart               Conj           ####         0%          1    None
 Spider Form              Tmut/Pois      ###          1%          3    None
 Ignition                 Fire           ########..   24%         8    #####..
 Summon Horrible Things   Summ           #######...   24%         8    #####..
 Fire Storm               Conj/Fire      #######...   100%        9    ######.


Dungeon Overview and Level Annotations

Branches:
Dungeon (12/12)            Temple (1/1) D:6            Lair (6/6) D:7
 Shoals (3/3) Lair:4        Snake (3/3) Lair:2        Slime (5/5) Lair:6
    Orc (1/1) D:9             Elf (3/3) Orc          Vaults (3/3) D:11
  Crypt (1/2) Vaults:2     Depths (5/5) D:12            Zot (5/5) Depths:5

Altars:
Ashenzari
Cheibriados
Dithmenos
Elyvilon
Fedhas
Gozag
Hepliaklqana
Kikubaaqudgha
Lugonu
Makhleb
Nemelex Xobeh
Okawaru
Qazlal
Ru
Sif Muna
Trog
Uskayaw
Vehumet
Wu Jian
Xom
Yredelemnul
Zin
The Shining One
Jiyva

Shops:
D:4 *   D:7 (   D:8 =   Orc :%(?   Elf:2 !   Vaults:2 :   Depths:5 (

Portals:
Hell: Depths:1 Depths:2 Depths:3 Depths:4 Depths:5
Abyss: Depths:3 Depths:4
Pandemonium: Orc Depths:3
Ziggurat: Depths:2
Trove: Depths:2 (give +2 acid dragon scales)

Annotations:
Lair:3 3 runed translucent doors, Enish's ghost, journeyman EnSA
Elf:1 exclusion: orange crystal statue
Zot:5 1 runed translucent door, Decrayps's ghost, veteran FeEn


Innate Abilities, Weirdness & Mutations

You learn spells by gaining experience, not through books or religion.
You only train spellcasting to practice magic.
You have sharp fingernails.
You have very sharp teeth.
You have a pair of small horns on your head.
You are partially covered in iridescent scales. (AC +2)
You are very clumsy. (Dex -4)
You are weak. (Str -2)
You expend magic power (3 MP) to strengthen your wands.


Message History

Your body is wracked with pain!
You swap places.
Your air elemental hits the Brimstone Fiend.
The Brimstone Fiend hits your air elemental! x2
The Brimstone Fiend closely misses your air elemental.
Your air elemental hits the Brimstone Fiend but does no damage. x2
You swap places.
You use a rune to identify the item.
Your air elemental hits the Brimstone Fiend!
Your air elemental hits the Brimstone Fiend but does no damage.
Your air elemental hits the Brimstone Fiend.
Your air elemental barely misses the Brimstone Fiend.
Your air elemental hits the Brimstone Fiend but does no damage.
The Brimstone Fiend barely misses your air elemental. x3
Your air elemental hits the Brimstone Fiend but does no damage.
Your air elemental hits the Brimstone Fiend. x2
You see here a +0 robe.
You swap places.
Your air elemental hits the Brimstone Fiend but does no damage. x3
You block the Brimstone Fiend's attack. x3
Your air elemental hits the Brimstone Fiend!
Your air elemental hits the Brimstone Fiend but does no damage.
You hit the Brimstone Fiend.
Snnnck.
Your headbutt misses the Brimstone Fiend.
The Brimstone Fiend is moderately wounded.
Your air elemental hits the Brimstone Fiend!
Your air elemental hits the Brimstone Fiend but does no damage.
The Brimstone Fiend hits your air elemental!!
The Brimstone Fiend barely misses your air elemental.
The Brimstone Fiend misses your air elemental.
You strike the helpless Brimstone Fiend from behind!
You impale the Brimstone Fiend!!!
The Brimstone Fiend is almost dead.
Your air elemental hits the Brimstone Fiend!
The Brimstone Fiend dies!
Qazlal accepts your kill.
You swap places.
There is a stone staircase leading up here.
You start resting.
Magic restored.
You feel less exhausted.
You start resting.
Your air elemental disappears in a puff of smoke! x3
Your magical infusion is running out.
Your air elemental disappears in a puff of smoke! x2
Your water elemental disappears in a puff of smoke!
Your air elemental disappears in a puff of smoke!
You hear a roar!
Your air elemental disappears in a puff of smoke! x3
Your fire elemental disappears in a puff of smoke!
Your air elemental disappears in a puff of smoke! x2
You are no longer magically infusing your attacks.
You hear a roar!
Your air elemental disappears in a puff of smoke!
You hear a roar!
Your air elemental disappears in a puff of smoke! x9
HP restored.
You climb upwards.
There is a stone staircase leading down here.
(D) Dungeon (T) Temple (L) Lair (A) Shoals (P) Snake Pit (M) Slime Pits (O) Orcish Mines (E) Elven Halls (V) Vaults (C) Crypt (U) Depths (H) Hell (Z) Zot
Where to? (Enter - D:1, ? - help)
What level of the Dungeon? (default 1, ? - help)
There is a stone staircase leading up here.
You climb upwards.
There is a stone staircase leading down here.
A blizzard demon comes into view.
Casting: Infusion (safe; 0% risk of failure)
Confirm with . or Enter, or press ? or * to list all spells.
You begin infusing your attacks with magical energy.
You hit the blizzard demon!
Your headbutt misses the blizzard demon.
Your bite misses the blizzard demon.
The blizzard demon is moderately wounded.
You hit the blizzard demon!
Your headbutt misses the blizzard demon.
The blizzard demon is heavily wounded.
You hit the blizzard demon!!
The blizzard demon is severely wounded.
The blizzard demon hits you but does no damage.
The blizzard demon closely misses you.
You hit the blizzard demon!!
You kill the blizzard demon!
Qazlal accepts your kill.
(D) Dungeon (T) Temple (L) Lair (A) Shoals (P) Snake Pit (M) Slime Pits (O) Orcish Mines (E) Elven Halls (V) Vaults (C) Crypt (U) Depths (H) Hell (Z) Zot
Where to? (Enter - D:1 @ (x,y), ? - help) Magic restored.
There is an open door here.
There is a staircase leading out of the dungeon here.
As you read the scroll of fog, it crumbles to dust.
The scroll dissolves into smoke.
Your magical infusion is running out.
Qazlal's elemental power surges around you!
Clouds around you coalesce and take form!
The power of the Orb breaks the dimensional shunt like a soap bubble!
You have escaped!

...........##.#..##.###........##
...#........)........#..........#
#....#...............#..........#
..##.......(....E....#..........#
####.#.....#...EEE..............#
# #.#.....#...#E#§.............#
# #.#.....#...#E#.............##
####.#.####..###E#####..........#
.......#.....#§E@EE# #..........#
###......#######.#######........#
#####....+.............+........#
....#....####.#####.####........#
#...##.....##.#####.##.........##
##..##.##..'.........'.#......##
#.....÷..######.########.#####
#..#..#..#...........# #..#
##.#.###.######.###### ##.#


You could see 5 friendly air elementals.

Vanquished Creatures
  A juggernaut (Vaults:2)
  Tiamat (Zot:3)
  7 orbs of fire
  4 ancient liches
  5 Killer Klowns
  Boris (Depths:4)
  4 golden dragons
  2 caustic shrikes
  4 curse toes
  4 rockslimes
  2 bone dragons (Depths:5)
  17 tentacled monstrosities
  8 electric golems
  2 Orb Demons
  A Shadow Fiend (Zot:4)
  24 Orb Guardians
  6 quicksilver dragons
  2 liches
  2 deep elf blademasters
  18 acid blobs
  5 sphinxes
  5 titans
  A kraken (Shoals:3)
  14 death cobs
  An ancient champion (Crypt:1)
  3 tentacled starspawn (Abyss:1)
  An Executioner (Zot:5)
  8 tengu reavers
  3 shadow dragons
  5 draconian monks
  2 draconian knights
  12 storm dragons
  9 fire giants
  13 nagarajas
  8 azure jellies
  5 draconian scorchers
  6 frost giants
  5 deep elf sorcerers
  12 vault wardens
  2 draconian shifters (Zot:2)
  A ghoul (Vaults:2)
  14 stone giants
  A caustic shrike skeleton (Depths:3)
  A reaper (D:12)
  3 iron dragons
  17 ironheart preservers
  3 war gargoyles
  7 draconian annihilators
  2 spriggan defenders
  2 eyes of devastation (Depths:2)
  A draconian stormcaller (Depths:5)
  28 very ugly things
  6 grey draconians
  4 deep elf demonologists
  15 red draconians
  A lorocyproca (D:12)
  3 vampire knights
  8 entropy weavers
  11 black draconians
  11 yellow draconians
  5 spark wasps
  6 dire elephants
  7 green draconians
  9 purple draconians
  5 deep elf annihilators
  7 white draconians
  A merfolk javelineer (Shoals:3)
  An eidolon (Vaults:2)
  12 ettins
  4 deep elf death magi
  A blizzard demon (D:1)
  A green death (D:8)
  2 crystal guardians (Vaults:3)
  5 merfolk impalers (Shoals:3)
  16 ice dragons
  13 naga warriors
  8 yaktaur captains
  7 fire dragons
  3 deep elf high priests
  9 rakshasas
  31 vault guards
  A monstrous demonspawn (Depths:1)
  9 hydras
  Psyche (D:8)
  2 spriggan air magi
  2 death knights (Crypt:1)
  15 anacondas
  A juggernaut simulacrum (Depths:4)
  12 great orbs of eyes
  11 ogre magi
  9 death oozes
  2 merfolk avatars (Shoals:3)
  3 merfolk aquamancers
  2 satyrs (Shoals:3)
  An anaconda (shapeshifter) (Elf:1)
  A great orb of eyes (shapeshifter) (Vaults:3)
  19 centaur warriors
  20 two-headed ogres
  7 death yaks
  26 dancing weapons
  A queen ant (Lair:4)
  3 catoblepae
  An ironheart beastmaster (Vaults:3)
  3 vampire magi
  5 deep troll shamans
  5 orc high priests (Orc)
  9 sea snakes
  5 deep troll earth magi
  3 spriggan berserkers
  A thrashing horror (Abyss:1)
  5 naga sharpshooters
  6 tengu warriors
  3 fire crabs (shapeshifter)
  9 shock serpents
  13 deep elf knights
  A spriggan (Depths:5)
  16 deep trolls
  An iron troll (D:12)
  A storm dragon zombie (Depths:4)
  13 skeletal warriors
  2 soul eaters
  A titan skeleton (Depths:2)
  2 sun demons
  2 wretched stars (Abyss:1)
  10 hell knights
  A salamander mystic (Snake:3)
  A shadow demon (D:3)
  A golden dragon zombie (Crypt:1)
  4 glowing orange brains
  An unseen horror (D:11)
  An anaconda zombie (Crypt:1)
  A sixfirhy (Abyss:1)
  A gelid demonspawn (Orc)
  A torturous demonspawn (Orc)
  2 flayed ghosts
  3 spark wasp zombies
  4 naga ritualists
  An orange crystal statue (Zot:5)
  2 infernal demonspawn (Orc)
  10 ironheart convokers
  13 deep elf archers
  6 phantasmal warriors
  5 wizards
  4 orc knights (Orc)
  A shadow dragon zombie (Depths:2)
  14 cyclopes
  4 anaconda skeletons (Lair:2)
  16 harpies
  A mana viper (shapeshifter) (Depths:3)
  8 necromancers
  13 fauns
  An orb spider (Depths:1)
  47 deep elf magi
  A draconian (Zot:3)
  7 mana vipers
  10 shining eyes
  A shadow dragon skeleton (Depths:4)
  2 oklob plants (Lair:4)
  A tengu skeleton (Depths:2)
  An orb spider (shapeshifter) (Vaults:2)
  A faun (shapeshifter) (Depths:1)
  5 salamanders
  9 orc sorcerers
  A fire giant zombie (Crypt:1)
  26 ugly things
  12 manticores
  7 water nymphs
  5 merfolk sirens
  2 stone giant skeletons
  9 elephants
  4 frost giant skeletons
  2 smoke demons
  13 vault sentinels
  36 black mambas
  2 rust devils
  17 guardian serpents
  A shock serpent zombie (Crypt:1)
  22 moths of wrath
  5 orange demons
  9 cane toads
  A gargoyle (D:9)
  22 naga magi
  2 centaur skeletons
  25 yaktaurs
  4 komodo dragons
  A yaktaur (shapeshifter) (Depths:2)
  A dire elephant skeleton (Crypt:1)
  A rime drake (Lair:3)
  An efreet (D:11)
  A komodo dragon (shapeshifter) (Depths:2)
  A spriggan zombie (Depths:2)
  An ancient zyme (Abyss:1)
  7 freezing wraiths
  5 hellwings
  A redback zombie (D:10)
  5 tengu conjurers
  2 polar bears
  13 merfolk
  A queen bee (shapeshifter) (Vaults:2)
  4 trolls
  A jumping spider (shapeshifter) (Depths:2)
  3 wind drakes
  2 meliai (shapeshifter)
  3 hornets
  2 iron dragon simulacra
  7 blink frogs
  8 large abominations
  3 snapping turtles
  A raiju (shapeshifter) (Depths:3)
  9 hippogriffs
  126 slime creatures
  2 dream sheep
  2 frost giant simulacra (Depths:2)
  A fire giant simulacrum (Depths:4)
  An air elemental (Elf:2)
  2 redbacks
  A tarantella (shapeshifter) (Depths:5)
  3 wraiths
  2 wyverns
  16 water elementals
  A ynoxinul (Orc)
  A yak (shapeshifter) (Depths:2)
  7 basilisks
  27 yaks
  A basilisk (shapeshifter) (Depths:2)
  A fire elemental (Elf:1)
  A hog (shapeshifter) (D:9)
  A golden eye (Slime:5)
  5 neqoxecs
  A spriggan simulacrum (Depths:2)
  4 vampire mosquitoes (D:10)
  An infernal demonspawn zombie (Crypt:1)
  45 nagas
  An acid dragon (D:10)
  7 water moccasins
  A merfolk zombie (Crypt:1)
  A cane toad zombie (Crypt:1)
  12 crocodiles
  Duvessa (D:4)
  30 orc warriors
  9 porcupines
  A porcupine (shapeshifter) (Depths:3)
  A floating eye (Slime:5)
  A soldier ant (shapeshifter) (Vaults:3)
  20 soldier ants (Lair:4)
  4 black bears
  2 phantoms
  A necrophage (D:9)
  2 sky beasts
  A tengu (shapeshifter) (Elf:1)
  7 wolves
  2 ice beasts
  A manticore skeleton (Crypt:1)
  5 boggarts
  14 centaurs
  25 ogres
  2 big kobolds
  11 bullfrogs
  A rime drake skeleton (Crypt:1)
  A gnoll sergeant (D:7)
  15 earth elementals
  A water moccasin zombie (D:5)
  A small abomination (Abyss:1)
  An elf skeleton (Crypt:1)
  8 scorpions
  Dowan (D:4)
  12 wights
  3 electric eels (Lair:2)
  4 crimson imps
  4 starcursed masses (Abyss:1)
  4 quasits
  5 centaur zombies
  A human simulacrum (Vaults:1)
  A jelly (shapeshifter) (Depths:2)
  19 orc priests
  A gnoll shaman (D:10)
  A bullfrog skeleton (D:8)
  3 hounds
  5 jellies
  4 iguanas
  13 orc wizards
  25 worker ants
  A felid zombie (Crypt:1)
  3 hound skeletons
  4 mummies
  15 gnolls
  13 adders
  4 shadow imps
  An ooze (D:1)
  A worm zombie (Crypt:1)
  An iguana skeleton (Crypt:1)
  A worm (shapeshifter) (Depths:3)
  2 worms
  4 dart slugs
  3 leopard geckos
  68 orcs
  A bat (D:1)
  4 giant cockroaches
  5 goblins
  A hobgoblin (shapeshifter) (Depths:3)
  11 hobgoblins
  10 jackals
  11 kobolds
  A quokka (D:8)
  3 ball pythons
  5 frilled lizards
  A gnoll zombie (Ossuary)
  A jackal skeleton (D:2)
  3 kobold zombies (Ossuary)
  A quokka skeleton (D:3)
  10 rats
  6 fungi
  10 plants
  A starspawn tentacle (Abyss:1)
  3 tentacles (Shoals:3)
2065 creatures vanquished.

Vanquished Creatures (collateral kills)
  the Royal Jelly (Slime:5)
  Mara (Vaults:2)
  Sojobo (Depths:4)
  An electric golem (Zot:3)
  A Brimstone Fiend (D:3)
  A deep elf blademaster (Elf:3)
  A deep elf master archer (Elf:3)
  9 acid blobs (Slime:5)
  Polyphemus (Shoals:2)
  A sphinx (Lair:2)
  A frost giant (Shoals:3)
  A tengu reaver (Vaults:3)
  A draconian knight (Zot:3)
  An azure jelly (Slime:5)
  2 vault wardens (Vaults:3)
  Aizul (Snake:2)
  Louise (Shoals:1)
  A draconian stormcaller (Zot:3)
  2 war gargoyles
  2 stone giants (Vaults:3)
  4 ironheart preservers
  3 deep elf annihilators (Elf:3)
  A purple draconian (Depths:5)
  2 white draconians
  4 deep elf demonologists (Elf:3)
  2 deep elf death magi (Elf:3)
  An ettin (Vaults:1)
  A merfolk impaler (Shoals:3)
  A deep elf high priest (Elf:3)
  A yaktaur captain (Vaults:3)
  A vault guard (Vaults:3)
  3 centaur warriors (Vaults:3)
  An anaconda (Snake:2)
  A catoblepas (Shoals:2)
  A death ooze (Slime:5)
  A great orb of eyes (Slime:2)
  A satyr (Shoals:3)
  An ironheart beastmaster (Vaults:2)
  2 death yaks
  2 deep trolls (Depths:5)
  2 deep elf knights
  2 hell knights
  A skeletal warrior (D:12)
  A phantasmal warrior (Vaults:3)
  A naga ritualist (Snake:2)
  A harpy (Shoals:2)
  3 deep elf archers (Elf:3)
  A deep elf mage (Elf:3)
  2 fauns (Shoals:3)
  A mana viper (Snake:2)
  A manticore (Shoals:3)
  A black mamba (Snake:2)
  A merfolk siren (Shoals:3)
  A cane toad (Lair:6)
  A naga mage (Snake:3)
  A yaktaur (Vaults:3)
  A freezing wraith (Vaults:2)
  2 merfolk (Shoals:3)
  13 slime creatures
  3 dream sheep (Shoals:1)
  2 hippogriffs
  3 yaks (Lair:6)
  3 hungry ghosts
  5 nagas
  An orc warrior (D:6)
  A phantom (D:4)
  2 boggarts (Vaults:3)
  2 bullfrogs
  A water moccasin skeleton (D:3)
  A crimson imp (D:5)
  An orc wizard (D:5)
  An orc priest (D:3)
  Terence (D:2)
  A worker ant (Lair:4)
  A hound skeleton (D:7)
  5 mummies (Ossuary)
  A gnoll (D:1)
  A worm (D:2)
  An orc (D:6)
  A hobgoblin zombie (Ossuary)
  2 kobold zombies (Ossuary)
  An orc zombie (Ossuary)
  2 plants
145 creatures vanquished.

Vanquished Creatures (others)
  A deep elf master archer (Elf:3)
  A death cob (Zot:3)
  A draconian monk (Zot:3)
  A nagaraja (Snake:3)
  A fire giant (Vaults:3)
  A tengu reaver (Depths:4)
  A frost giant (Vaults:3)
  A draconian scorcher (Zot:3)
  A deep elf sorcerer (Elf:3)
  A deep elf elementalist (Elf:3)
  A war gargoyle (Vaults:3)
  2 black draconians (Zot:3)
  A deep elf death mage (Elf:3)
  2 purple draconians (Zot:3)
  A white draconian (Zot:3)
  A merfolk impaler (Shoals:3)
  A vault guard (Vaults:3)
  A rakshasa (Snake:2)
  3 yaktaur captains
  A naga warrior (Snake:2)
  An ogre mage (Vaults:3)
  9 centaur warriors
  A two-headed ogre (Vaults:3)
  3 death yaks (Lair:6)
  2 sea snakes
  2 naga sharpshooters (Snake:3)
  A deep elf knight (Elf:2)
  A deep troll (Vaults:3)
  4 slime creatures (Slime:1)
  4 deep elf archers
  An ironheart convoker (Vaults:2)
  2 harpies
  5 deep elf magi
  2 fauns
  3 manticores
  A mana viper (Snake:2)
  A merfolk siren (Shoals:3)
  2 vault sentinels (Vaults:3)
  A cane toad (Lair:6)
  A freezing wraith (Vaults:3)
  15 yaktaurs
  A merfolk (Shoals:2)
  2 dancing weapons
  2 redbacks (Vaults:3)
  An air elemental (Elf:1)
  2 yaks (Lair:6)
  A naga (Snake:2)
  2 ogres (Vaults:3)
  A boggart (Vaults:3)
  A wight (D:11)
  A gnoll (D:2)
  27 fungi
  34 plants
  9 starspawn tentacles (Abyss:1)
  11 tentacles (Shoals:3)
181 creatures vanquished.

Grand Total: 2391 creatures vanquished

Notes
Turn   | Place    | Note
-------+----------+-------------------------------------------
     0 | D:1      | Artagas the Oni Wizard began the quest for the Orb.
     0 | D:1      | Reached XP level 1. HP: 14/14 MP: 6/6
    68 | D:1      | Reached skill level 2 in Stealth
    75 | D:1      | Reached XP level 2. HP: 22/22 MP: 0/7
   138 | D:1      | Learned a level 1 spell: Infusion
   141 | D:1      | Learned a level 2 spell: Blink
   144 | D:1      | Learned a level 2 spell: Call Imp
   194 | D:1      | Reached skill level 1 in Fighting
   386 | D:1      | Reached XP level 3. HP: 28/28 MP: 7/9
  1010 | D:2      | Reached skill level 3 in Spellcasting
  1225 | D:2      | Reached XP level 4. HP: 36/36 MP: 4/10
  1264 | D:2      | Reached skill level 2 in Fighting
  1488 | D:2      | Learned a level 3 spell: Mephitic Cloud
  1861 | D:2      | Reached skill level 3 in Stealth
  2112 | D:3      | Noticed Terence
  2126 | D:2      | Killed Terence
  2255 | D:3      | Reached XP level 5. HP: 34/42 MP: 2/11
  2567 | D:3      | Found a shattered altar of Ashenzari.
  2705 | D:3      | Found an iron altar of Okawaru.
  2712 | D:3      | Reached skill level 3 in Fighting
  3554 | D:3      | Reached skill level 4 in Stealth
  3677 | D:3      | Reached XP level 6. HP: 47/51 MP: 7/12
  4113 | D:4      | Noticed an ice beast
  4130 | D:4      | Killed an ice beast
  4198 | D:4      | Found a glowing golden altar of the Shining One.
  4247 | D:4      | Noticed a phantom
  4301 | D:4      | Killed a phantom
  4507 | D:4      | Noticed Duvessa
  4510 | D:4      | Noticed Dowan
  4544 | D:4      | Killed Dowan
  4681 | D:4      | Upgraded the game from bcrawl-1.31.3 to bcrawl-1.31.4
  5013 | D:4      | Found Seiranod's Assorted Antiques.
  5016 | D:4      | Bought a scroll of identify for 50 gold pieces
  5016 | D:4      | Bought a potion of curing for 62 gold pieces
  5016 | D:4      | Bought a fuming blue potion for 22 gold pieces
  5016 | D:4      | Bought a fizzy grey potion for 22 gold pieces
  5071 | D:4      | Killed Duvessa
  5072 | D:4      | Reached skill level 4 in Spellcasting
  5072 | D:4      | Reached XP level 7. HP: 40/57 MP: 4/15
  5199 | D:4      | Learned a level 3 spell: Conjure Flame
  5239 | D:5      | Entered Level 5 of the Dungeon
  5293 | D:5      | Found an ornate altar of the Wu Jian Council.
  5460 | D:5      | Learned a level 3 spell: Tukima's Dance
  5461 | D:5      | Found a sand-covered staircase.
  5475 | Ossuary  | Entered an ossuary
  5744 | Ossuary  | Reached skill level 5 in Spellcasting
  5914 | D:5      | Reached skill level 2 in Dodging
  5982 | D:5      | Found an ancient bone altar of Kikubaaqudgha.
  6373 | D:5      | Reached skill level 4 in Fighting
  6373 | D:5      | Reached XP level 8. HP: 60/66 MP: 14/17
  7319 | D:6      | Reached skill level 3 in Dodging
  7386 | D:6      | Found a burning altar of Makhleb.
  7393 | D:6      | Reached skill level 5 in Fighting
  7755 | D:6      | Noticed a hippogriff
  7762 | D:6      | Killed a hippogriff
  7763 | D:6      | Reached skill level 6 in Spellcasting
  7829 | D:6      | Learned a level 3 spell: Ignite Poison
  7971 | D:6      | Found a staircase to the Ecumenical Temple.
  8134 | Temple   | Entered the Ecumenical Temple
  8286 | Temple   | Became a worshipper of Qazlal Stormbringer
  8395 | D:7      | Got a flickering lead ring
  8429 | D:7      | Reached skill level 6 in Fighting
  8429 | D:7      | Reached XP level 9. HP: 77/77 MP: 8/20
  8543 | D:7      | Reached skill level 7 in Fighting
  8546 | D:7      | Found a staircase to the Lair.
  8567 | D:7      | Reached skill level 1 in Invocations
  8567 | D:7      | Reached skill level 1 in Evocations
  8596 | D:7      | Reached skill level 2 in Invocations
  8606 | D:7      | Reached skill level 2 in Evocations
  8627 | D:7      | Reached skill level 3 in Invocations
  8726 | D:7      | Reached skill level 3 in Evocations
  8775 | D:7      | Reached skill level 4 in Invocations
  9032 | D:7      | Reached skill level 5 in Invocations
  9032 | D:7      | Reached skill level 4 in Evocations
  9201 | D:7      | Found Sige's Antique Weapon Emporium.
  9217 | D:7      | Noticed a hornet
  9229 | D:7      | Killed a hornet
  9230 | D:7      | Reached skill level 6 in Invocations
  9291 | D:7      | Noticed a hornet
  9298 | D:7      | Killed a hornet
  9298 | D:7      | Reached * piety under Qazlal
  9299 | D:7      | Reached skill level 4 in Dodging
  9299 | D:7      | Reached XP level 10. HP: 73/86 MP: 9/21
  9806 | D:7      | Identified the Papyrus of Quantum Talismans
  9990 | D:4      | Bought an embroidered cloak for 187 gold pieces
 10129 | Lair:1   | Entered Level 1 of the Lair of Beasts
 10140 | Lair:1   | Noticed a cane toad
 10144 | Lair:1   | Killed a cane toad
 10145 | Lair:1   | Reached skill level 5 in Dodging
 10214 | Lair:1   | Reached skill level 6 in Dodging
 10430 | Lair:1   | Reached skill level 8 in Fighting
 10617 | Lair:1   | Reached skill level 9 in Fighting
 11180 | Lair:2   | Found a staircase to the Snake Pit.
 11180 | Lair:2   | Noticed a sphinx
 11196 | Lair:2   | Reached skill level 7 in Invocations
 11372 | Lair:2   | Reached XP level 11. HP: 65/97 MP: 22/22
 11544 | Lair:2   | Reached skill level 8 in Invocations
 11889 | Lair:2   | Noticed a five-headed hydra
 11900 | Lair:2   | Killed a five-headed hydra
 11901 | Lair:2   | Reached skill level 7 in Spellcasting
 11901 | Lair:2   | Reached skill level 9 in Invocations
 12275 | Lair:2   | Reached skill level 1 in Armour
 12480 | Lair:2   | Killed a sphinx
 12481 | Lair:2   | Reached skill level 2 in Armour
 12607 | Lair:3   | Identified a scroll of acquirement
 12612 | Lair:3   | Identified the ring of Soiplut {Fire +Inv rElec Str-5 SInv}
                  | (You found it on level 7 of the Dungeon)
 12617 | Lair:3   | Identified the +9 quick blade of Xom's Supremacy {pierce,
                  | -Tele rPois Int+2 Stlth+} (You acquired it on level 3 of
                  | the Lair of Beasts)
 12617 | Lair:3   | Identified the +0 pair of gloves of Muedwy {Int+4 Slay+2}
                  | (You acquired it on level 3 of the Lair of Beasts)
 12687 | Lair:3   | Noticed a catoblepas
 12687 | Lair:3   | Noticed Enish's ghost (journeyman EnSA)
 12693 | Lair:3   | Noticed a six-headed hydra
 12712 | Lair:3   | Killed a six-headed hydra
 12713 | Lair:3   | Reached skill level 1 in Short Blades
 12713 | Lair:3   | Reached skill level 3 in Armour
 12997 | Lair:3   | Reached skill level 7 in Dodging
 13096 | Lair:3   | Noticed a five-headed hydra
 13116 | Lair:3   | Killed a five-headed hydra
 13116 | Lair:3   | Reached ** piety under Qazlal
 13117 | Lair:3   | Reached skill level 2 in Short Blades
 13398 | Lair:3   | Found a runed translucent gate.
 13399 | Lair:3   | Found a runed translucent gate.
 13400 | Lair:3   | Found a runed translucent gate.
 13405 | Lair:3   | Reached skill level 10 in Fighting
 13405 | Lair:3   | Reached XP level 12. HP: 92/106 MP: 24/24
 13850 | Lair:3   | Learned a level 5 spell: Bolt of Magma
 13871 | Lair:3   | Reached skill level 4 in Armour
 14043 | Lair:4   | Reached skill level 3 in Short Blades
 14261 | Lair:4   | Reached skill level 4 in Short Blades
 14261 | Lair:4   | Reached skill level 8 in Dodging
 14295 | Lair:4   | Reached skill level 5 in Short Blades
 14639 | Lair:4   | Noticed a queen ant
 14643 | Lair:4   | Killed a queen ant
 14644 | Lair:4   | Reached skill level 6 in Short Blades
 14672 | Lair:4   | Reached *** piety under Qazlal
 14874 | Lair:4   | Reached skill level 7 in Short Blades
 14946 | Lair:4   | Found a staircase to the Shoals.
 15281 | Lair:5   | Reached skill level 8 in Short Blades
 15369 | Lair:5   | Noticed a four-headed hydra
 15386 | Lair:5   | Killed a four-headed hydra
 15389 | Lair:5   | Reached XP level 13. HP: 100/113 MP: 19/26
 15395 | Lair:5   | Reached skill level 8 in Spellcasting
 16185 | Lair:6   | Entered Level 6 of the Lair of Beasts
 16204 | Lair:6   | Reached skill level 5 in Armour
 16619 | Lair:6   | Reached skill level 9 in Dodging
 16681 | Lair:6   | Reached **** piety under Qazlal
 16768 | Lair:6   | Reached skill level 11 in Fighting
 16768 | Lair:6   | Reached skill level 6 in Armour
 17111 | Lair:6   | Found a viscous altar of Jiyva.
 17111 | Lair:6   | Found a staircase to the Slime Pits.
 17263 | Lair:6   | Reached skill level 10 in Dodging
 17309 | Lair:6   | Reached XP level 14. HP: 42/125 MP: 9/28
 17565 | Lair:6   | Noticed a dire elephant
 17581 | Lair:6   | Killed a dire elephant
 17582 | Lair:6   | Reached skill level 12 in Fighting
 18230 | D:8      | Found Coteiq's Jewellery Shop.
 18374 | D:8      | Noticed Psyche
 18382 | D:8      | Killed Psyche
 19782 | D:9      | Got a masterwork quarterstaff
 19797 | D:9      | Got a masterwork mace
 19879 | D:9      | Identified the +8 quarterstaff of Battle {pain, *Noise
                  | rElec rN+++ MR+++} (You found it on level 9 of the Dungeon)
 19880 | D:9      | Identified the cursed +0 mace of Ahibb {drain, Str+3 Int+4}
                  | (You found it on level 9 of the Dungeon)
 19901 | D:9      | Found a staircase to the Orcish Mines.
 20034 | D:9      | Reached ***** piety under Qazlal
 20122 | D:9      | Found a corrupted altar of Lugonu.
 20191 | D:9      | Found a hide-covered altar of Uskayaw.
 20196 | D:9      | Reached skill level 9 in Spellcasting
 20491 | D:9      | Found a bloodstained altar of Trog.
 20827 | D:10     | Entered Level 10 of the Dungeon
 21579 | D:10     | Got a jewelled ring mail
 22332 | D:11     | Noticed an ironheart preserver
 22354 | D:10     | Killed an ironheart preserver
 22355 | D:10     | Reached skill level 13 in Fighting
 22456 | D:10     | Identified the +2 ring mail "Pewoedghaell" {+Fly Int+2}
                  | (You found it on level 10 of the Dungeon)
 22606 | D:11     | Reached skill level 10 in Invocations
 22866 | D:11     | Found a gate to the Vaults.
 22958 | D:12     | Entered Level 12 of the Dungeon
 23086 | D:12     | Reached skill level 11 in Invocations
 23120 | D:12     | Reached skill level 1 in Shields
 23177 | D:12     | Reached skill level 2 in Shields
 23246 | D:12     | Reached skill level 3 in Shields
 23411 | D:12     | Reached skill level 4 in Shields
 23411 | D:12     | Reached XP level 15. HP: 135/135 MP: 30/30
 23444 | D:12     | Learned a level 4 spell: Animate Dead
 23447 | D:12     | Learned a level 2 spell: Corpse Rot
 23484 | D:12     | Found a staircase to the Depths.
 23535 | D:12     | Reached skill level 5 in Shields
 23813 | D:12     | Reached skill level 6 in Shields
 24268 | D:12     | Reached ****** piety under Qazlal
 24463 | D:12     | Reached skill level 7 in Shields
 24698 | Orc      | Entered the Orcish Mines
 24989 | Orc      | Found a staircase to the Elven Halls.
 25349 | Orc      | Found Kiorav's Magic Scroll Shoppe.
 25353 | Orc      | Found Haecran's Food Emporium.
 25603 | Orc      | Reached skill level 8 in Shields
 25937 | Orc      | Bought a scroll of fear for 65 gold pieces
 25937 | Orc      | Bought a scroll of blinking for 97 gold pieces
 25937 | Orc      | Bought a scroll of blinking for 97 gold pieces
 25937 | Orc      | Bought a scroll of fog for 26 gold pieces
 25937 | Orc      | Bought 2 scrolls of blinking for 195 gold pieces
 25937 | Orc      | Bought a scroll of teleportation for 39 gold pieces
 25937 | Orc      | Bought a scroll of enchant weapon for 97 gold pieces
 25937 | Orc      | Bought a scroll of identify for 26 gold pieces
 25939 | Orc      | Bought a scroll of identify for 26 gold pieces
 26435 | Orc      | Reached skill level 14 in Fighting
 26595 | Orc      | Found Wilunide's Antique Weapon Shop.
 26595 | Orc      | Found Tygekim's Book Boutique.
 26596 | Orc      | Found a one-way gate leading to the halls of Pandemonium.
 26795 | D:8      | Bought an uncursed amulet of the acrobat for 416 gold
                  | pieces
 26933 | Snake:1  | Entered Level 1 of the Snake Pit
 27502 | Snake:1  | Reached skill level 10 in Spellcasting
 27502 | Snake:1  | Reached XP level 16. HP: 87/146 MP: 27/32
 28462 | Snake:2  | Noticed a nagaraja
 28774 | Snake:2  | Noticed a nagaraja
 28776 | Snake:2  | Killed a nagaraja
 28777 | Snake:2  | Reached skill level 7 in Armour
 29086 | Snake:2  | Reached skill level 9 in Shields
 29106 | Snake:2  | Reached skill level 11 in Dodging
 29376 | Snake:2  | Killed a nagaraja
 29377 | Snake:2  | Reached skill level 12 in Invocations
 29503 | Snake:2  | Got a scintillating steel ring
 29505 | Snake:2  | Identified the ring of Zuownoex {+Fly MR- Int+7} (You found
                  | it on level 2 of the Snake Pit)
 29844 | Snake:2  | Reached skill level 13 in Invocations
 30208 | Snake:3  | Entered Level 3 of the Snake Pit
 30763 | Snake:3  | Got a fading trident
 30764 | Snake:3  | Identified the +2 trident of Malaise {pierce, MP-9 Str+5
                  | Stlth+} (You found it on level 3 of the Snake Pit)
 30911 | Snake:3  | Reached XP level 17. HP: 109/152 MP: 33/33
 30964 | Snake:3  | Noticed Aizul
 31055 | Snake:2  | Killed Aizul
 31649 | Snake:3  | Identified the +4 ring mail of the Guardian {rN+ Dex+4
                  | Slay+2}
 31819 | Snake:3  | Reached skill level 8 in Armour
 31894 | Snake:3  | Reached skill level 10 in Shields
 32263 | Snake:3  | Reached skill level 12 in Dodging
 32274 | Snake:3  | Reached skill level 9 in Armour
 32846 | Snake:2  | Reached skill level 15 in Fighting
 33073 | Snake:3  | Reached skill level 5 in Evocations
 33289 | Snake:3  | Got a serpentine rune of Zot
 33720 | Shoals:1 | Entered Level 1 of the Shoals
 33854 | Shoals:1 | Reached skill level 6 in Evocations
 33859 | Shoals:1 | Reached XP level 18. HP: 133/163 MP: 28/34
 34130 | Shoals:1 | Reached skill level 16 in Fighting
 34176 | Shoals:1 | Noticed Louise
 34194 | Shoals:1 | Killed Louise
 34774 | Shoals:2 | Noticed Polyphemus
 35078 | Shoals:2 | Reached skill level 10 in Armour
 35357 | Shoals:2 | Killed Polyphemus
 36069 | Shoals:3 | Entered Level 3 of the Shoals
 36077 | Shoals:3 | Reached skill level 14 in Invocations
 36106 | Shoals:3 | Identified the +2 leather armour of the Centipede {rElec
                  | rC+ Int+4 Stlth-}
 36247 | Shoals:3 | Identified the +0 war axe of Inconvenience {chop, Str+5}
 36322 | Shoals:3 | Found a flickering gateway to a bazaar.
 36331 | Bazaar   | Entered a bazaar
 36358 | Bazaar   | Found Yren's Antique Weapon Shoppe.
 36359 | Bazaar   | Found Facoiqom's Antique Weapon Shoppe.
 36404 | Bazaar   | Found Tayq's Book Emporium.
 36405 | Bazaar   | Found Wuocokap's Book Emporium.
 36450 | Bazaar   | Bought a masterwork rapier for 162 gold pieces
 36450 | Bazaar   | Identified the +5 rapier "Jiteffulan" {pierce, rC+ MP+9
                  | Dex+5 Stlth+} (You bought it in a shop in a bazaar)
 36476 | Shoals:3 | Reached skill level 15 in Invocations
 37246 | Shoals:3 | Identified the Disquisition on Lightness and the Oath
 37418 | Shoals:3 | Got a barnacled rune of Zot
 37707 | Elf:1    | Entered Level 1 of the Elven Halls
 37745 | Elf:1    | Reached XP level 19. HP: 158/173 MP: 24/35
 38758 | Elf:1    | Reached skill level 11 in Shields
 39524 | Elf:1    | Reached skill level 16 in Invocations
 40161 | Elf:2    | Found Niqoegre's Distillery.
 40165 | Elf:2    | Bought a potion of haste for 150 gold pieces
 40165 | Elf:2    | Bought a potion of curing for 37 gold pieces
 40165 | Elf:2    | Bought a potion of agility for 60 gold pieces
 40165 | Elf:2    | Bought a potion of curing for 37 gold pieces
 40165 | Elf:2    | Bought a potion of resistance for 150 gold pieces
 40165 | Elf:2    | Bought a potion of might for 60 gold pieces
 40395 | Elf:2    | Identified the ring "Jaox" {Ice Str+4}
 40543 | Elf:2    | Found a huge runed gate.
 40543 | Elf:2    | Found a huge runed gate.
 40543 | Elf:2    | Found a huge runed gate.
 40544 | Elf:2    | Found a huge runed gate.
 40545 | Elf:2    | Found a huge runed gate.
 40799 | Vaults:1 | Entered Level 1 of the Vaults
 40976 | Vaults:1 | Reached skill level 17 in Fighting
 41574 | Vaults:1 | Reached skill level 17 in Invocations
 41718 | Vaults:1 | Reached skill level 12 in Shields
 42642 | Vaults:1 | Reached XP level 20. HP: 175/184 MP: 36/36
 42956 | Vaults:2 | Found Dukhlib's Book Shop.
 42985 | Vaults:2 | Reached skill level 11 in Spellcasting
 43053 | Vaults:2 | Found a staircase to the Crypt.
 43081 | Vaults:2 | Paralysed by something for 2 turns
 44575 | Vaults:2 | Noticed Mara
 44583 | Vaults:2 | Noticed Artagas's illusion
 44591 | Vaults:2 | Killed Mara
 44713 | Vaults:2 | Reached skill level 11 in Armour
 45181 | Crypt:1  | Entered Level 1 of the Crypt
 45201 | Crypt:1  | HP: 25/184 [iron dragon simulacrum[a necromancer] (36)]
 45468 | Crypt:1  | Reached skill level 13 in Dodging
 45468 | Crypt:1  | Reached skill level 13 in Shields
 46200 | Depths:1 | Entered Level 1 of the Depths
 46201 | Depths:1 | Noticed a rockslime
 46497 | D:12     | Reached XP level 21. HP: 157/191 MP: 31/38
 46989 | Depths:1 | Killed a rockslime
 47865 | Depths:1 | Found a gateway to Hell.
 48523 | Depths:2 | Noticed a rockslime
 48555 | Depths:1 | Killed a rockslime
 49028 | Depths:2 | Reached skill level 12 in Armour
 49372 | Depths:2 | Identified the +9 great mace of Okawaru's Whim {vamp, Str-2
                  | Int+8}
 49786 | Depths:2 | Learned a level 6 spell: Infestation
 49794 | Depths:2 | Reached skill level 14 in Shields
 49805 | Depths:2 | Reached skill level 14 in Dodging
 49809 | Depths:2 | Reached skill level 18 in Fighting
 49989 | Depths:2 | Noticed a golden dragon
 50011 | Depths:2 | Killed a golden dragon
 50436 | Depths:2 | Found a gateway to a ziggurat.
 50616 | Depths:2 | Found a portal to a secret trove of treasure.
 51494 | Depths:2 | Reached XP level 22. HP: 186/202 MP: 32/39
 51938 | Depths:2 | Reached skill level 12 in Spellcasting
 51982 | Depths:3 | Noticed a caustic shrike
 51989 | Depths:2 | Killed a caustic shrike
 52290 | Depths:3 | Paralysed by a lich for 3 turns
 52448 | Depths:3 | Reached skill level 18 in Invocations
 52933 | Depths:3 | Noticed a caustic shrike
 52943 | Depths:3 | Killed a caustic shrike
 53144 | Depths:3 | Reached skill level 19 in Fighting
 53675 | Depths:3 | Found a one-way gate to the infinite horrors of the Abyss.
 54045 | Depths:3 | Identified the ring of the Ban {+Blink rC+ rN+ Dex+3} (You
                  | acquired it on level 3 of the Depths)
 54280 | Depths:3 | Identified the Incunabulum of the Floating Snowflakes
 54743 | Depths:4 | Noticed Sojobo
 54766 | Depths:4 | Killed Sojobo
 55098 | Depths:4 | Reached XP level 23. HP: 131/213 MP: 33/41
 55284 | Depths:4 | Reached skill level 13 in Spellcasting
 55365 | Depths:4 | Noticed Boris
 55384 | Depths:4 | Killed Boris
 55421 | Depths:4 | Identified the +12 hand axe "Xojosk" {venom, +Rage rC+ MR+
                  | Str+2 Int-3}
 55800 | Depths:4 | Reached skill level 7 in Evocations
 56087 | Depths:4 | Identified the +10 ring mail of the Shoals {rF- rN+ Regen+
                  | Stlth+}
 56332 | Depths:4 | Reached skill level 8 in Evocations
 57457 | Elf:3    | Entered Level 3 of the Elven Halls
 57605 | Elf:3    | Cast into level 1 of the Abyss (a deep elf sorcerer)
 57646 | Abyss:1  | Reached skill level 5 in Stealth
 57882 | Abyss:1  | Reached skill level 6 in Stealth
 57886 | Elf:3    | Escaped the Abyss
 58313 | Elf:3    | Identified the ring "Lusuoluo" {rPois rF+ rC- rN+++ SInv}
 58437 | Elf:3    | Reached skill level 7 in Stealth
 58505 | Elf:3    | Identified the +2 pair of gloves of Bad Feelings {Regen+
                  | Str+5 Stlth-}
 58520 | Elf:3    | Identified the +8 hunting sling of the Augurer {elec,
                  | Str+2}
 58595 | Elf:3    | Identified the cursed +1 leather armour "Siasy" {Str+5}
 58609 | Elf:3    | Identified the cursed +1 trident "Impslayer" {pierce,
                  | *Contam +Blink rF+ rC+}
 58609 | Elf:3    | Identified the ring of the Skies Above {rPois Slay+4}
 58615 | Elf:3    | Identified the +8 rapier "Yvis" {antimagic, rC++ SInv}
 58615 | Elf:3    | Identified the +2 leather armour "Ycogoaps" {Str+2 Int+5}
 58618 | Elf:3    | Identified the cursed +1 lajatang of Urexisch {venom, rPois
                  | rN+ Str+5}
 58680 | Elf:3    | Identified the +4 dagger "Eviscerator" {speed, Str+9 Dex-4}
 58685 | Elf:3    | Identified the Almanac of Sinister Rites and Good Luck
 58834 | Elf:3    | Upgraded the game from bcrawl-1.31.4 to bcrawl-1.31.5
 58834 | Elf:3    | Upgraded the game from bcrawl-1.31.5 to bcrawl-1.32
 59127 | Depths:5 | Entered Level 5 of the Depths
 59202 | Depths:4 | Reached skill level 8 in Stealth
 59327 | Depths:5 | Noticed a golden dragon
 59346 | Depths:5 | Killed a golden dragon
 59347 | Depths:5 | Reached skill level 13 in Armour
 59347 | Depths:5 | Reached XP level 24. HP: 177/221 MP: 31/42
 59468 | Depths:5 | Reached skill level 15 in Dodging
 59468 | Depths:5 | Reached skill level 15 in Shields
 60363 | Depths:5 | Found a gate to the Realm of Zot.
 60701 | Depths:5 | Reached skill level 14 in Spellcasting
 60710 | Depths:5 | Found Tizeehu's Antique Weapon Shoppe.
 62486 | Slime:1  | Entered Level 1 of the Pits of Slime
 65358 | Slime:3  | Reached XP level 25. HP: 218/228 MP: 34/43
 65360 | Slime:3  | Reached skill level 9 in Short Blades
 65509 | Slime:5  | Entered Level 5 of the Pits of Slime
 65666 | Slime:5  | Noticed the Royal Jelly
 65999 | Slime:5  | Killed the Royal Jelly
 66301 | Slime:5  | Identified the +7 dagger "Gassahurr" {pierce, Str+2}
 66307 | Slime:5  | Identified the amulet "Onomaqeb" {Gourm rPois}
 66332 | Slime:5  | Identified the ring of Duxkaj {rElec Int+4}
 66343 | Slime:5  | Identified the cursed ring of the Heavens {MP+9 Stlth--}
 66376 | Slime:5  | Got a slimy rune of Zot
 66407 | Slime:5  | Identified the +8 quick blade "Cankyo Doexe" {flame, Str+4
                  | Int+2} (You acquired it on level 5 of the Pits of Slime)
 66407 | Slime:5  | Identified the +2 pair of boots of Depression {rF++ MP-9
                  | Dex+4 Slay+3} (You acquired it on level 5 of the Pits of
                  | Slime)
 66407 | Slime:5  | Identified the ring "Venoogri" {Wiz rPois Str-2 Slay+5}
                  | (You acquired it on level 5 of the Pits of Slime)
 67080 | Slime:5  | Identified the +8 hand crossbow of the Absolute Madman
                  | {penet, rElec Str+2 Dex+3}
 67087 | Slime:5  | Identified the Catalogue of the Blistering Oath
 67104 | Slime:5  | Identified Feczitiu's Grimoire of Ghastly Combat Magic
 67124 | Slime:5  | Identified the +4 long sword "Testudineslayer" {flame,
                  | rElec rC- Str+4}
 67810 | Vaults:3 | Entered Level 3 of the Vaults
 68558 | Vaults:2 | Reached skill level 14 in Armour
 68839 | Vaults:3 | Reached skill level 10 in Short Blades
 68852 | Vaults:3 | Reached skill level 16 in Shields
 68853 | Vaults:3 | Reached skill level 16 in Dodging
 69018 | Vaults:2 | Reached skill level 20 in Fighting
 69389 | Vaults:3 | Noticed a juggernaut
 69425 | Vaults:2 | Killed a juggernaut
 69426 | Vaults:2 | Reached skill level 19 in Invocations
 69757 | Vaults:3 | Reached XP level 26. HP: 239/239 MP: 11/43
 70264 | Vaults:3 | Reached skill level 20 in Invocations
 70553 | Vaults:3 | Identified the amulet "Qaggaal" {Faith rF++ Dex+3}
 70576 | Vaults:3 | Got a silver rune of Zot
 71983 | Vaults:3 | Learned a level 7 spell: Monstrous Menagerie
 71990 | Vaults:3 | Learned a level 6 spell: Darkness
 72198 | D:8      | Bought an uncursed ring of protection from magic for 325
                  | gold pieces
 72468 | Zot:1    | Entered Level 1 of the Realm of Zot
 74182 | Zot:3    | Noticed a golden dragon
 74185 | Zot:3    | Noticed a Killer Klown
 74196 | Zot:3    | Killed a golden dragon
 74209 | Zot:3    | Killed a Killer Klown
 74457 | Zot:2    | Reached skill level 9 in Evocations
 75015 | Zot:3    | Reached XP level 27. HP: 196/248 MP: 27/43
 76349 | Zot:3    | Identified the +4 dragonskin cloak
 76349 | Zot:3    | Noticed Tiamat
 76362 | Zot:3    | Reached skill level 15 in Armour
 76378 | Zot:3    | Killed Tiamat
 76433 | Zot:3    | Reached skill level 10 in Evocations
 76838 | Zot:4    | Noticed an orb of fire
 76927 | Zot:4    | Gained mutation: You are frail. (-10% HP) [an orb of fire]
 76934 | Zot:4    | Gained mutation: You are very frail. (-20% HP) [an orb of
                  | fire]
 76944 | Zot:4    | Gained mutation: You are weak. (Str -2) [an orb of fire]
 76947 | Zot:4    | Killed an orb of fire
 76948 | Zot:4    | Reached skill level 17 in Shields
 76964 | Zot:3    | Reached skill level 17 in Dodging
 76975 | Zot:4    | Noticed an ancient lich
 76985 | Zot:3    | Killed an ancient lich
 76986 | Zot:3    | Reached skill level 21 in Fighting
 77288 | Zot:4    | Reached skill level 21 in Invocations
 77718 | Zot:4    | Noticed a golden dragon
 77862 | Zot:4    | Killed a golden dragon
 77943 | Zot:4    | Reached skill level 22 in Invocations
 78058 | Zot:5    | Entered Level 5 of the Realm of Zot
 79172 | Zot:5    | Noticed a Killer Klown
 79186 | Zot:5    | Killed a Killer Klown
 79230 | Zot:5    | Learned a level 8 spell: Borgnjor's Revivification
 79551 | Zot:5    | Found a runed translucent door.
 79551 | Zot:5    | Noticed Decrayps's ghost (veteran FeEn)
 79711 | Zot:5    | Reached skill level 15 in Spellcasting
 79911 | Zot:5    | Noticed an orb of fire
 79919 | Zot:5    | Lost mutation: You are very frail. (-20% HP) [an orb of
                  | fire]
 79927 | Zot:5    | Killed an orb of fire
 79928 | Zot:5    | Reached skill level 11 in Evocations
 79936 | Zot:5    | Noticed an orb of fire
 79946 | Zot:5    | Killed an orb of fire
 79993 | Zot:5    | Noticed a Killer Klown
 80002 | Zot:5    | Reached skill level 12 in Evocations
 80012 | Zot:5    | Killed a Killer Klown
 80149 | Zot:5    | Noticed an ancient lich
 80169 | Zot:5    | Killed an ancient lich
 80412 | Zot:5    | Reached skill level 13 in Evocations
 80916 | Zot:5    | Noticed an orb of fire
 80926 | Zot:5    | Gained mutation: You occasionally shout uncontrollably at
                  | your foes. [an orb of fire]
 80934 | Zot:5    | Gained mutation: You sometimes yell uncontrollably at your
                  | foes. [an orb of fire]
 80935 | Zot:5    | Noticed an orb of fire
 80941 | Zot:5    | Killed an orb of fire
 80959 | Zot:5    | Killed an orb of fire
 81212 | Zot:5    | Noticed a Killer Klown
 81301 | Zot:5    | Killed a Killer Klown
 81312 | Zot:5    | Noticed a Killer Klown
 81329 | Zot:5    | Killed a Killer Klown
 81391 | Zot:5    | Noticed an orb of fire
 81399 | Zot:5    | Noticed an orb of fire
 81408 | Zot:5    | Killed an orb of fire
 81409 | Zot:5    | Reached skill level 16 in Spellcasting
 81417 | Zot:5    | Gained mutation: You are clumsy. (Dex -2) [an orb of fire]
 81419 | Zot:5    | Gained mutation: Scrolls take you a little longer to read.
                  | [an orb of fire]
 81420 | Zot:5    | Gained mutation: You are very clumsy. (Dex -4) [an orb of
                  | fire]
 81422 | Zot:5    | Gained mutation: You are very frail. (-20% HP) [an orb of
                  | fire]
 81423 | Zot:5    | Killed an orb of fire
 81582 | Zot:5    | Noticed an ancient lich
 81592 | Zot:5    | Killed an ancient lich
 81593 | Zot:5    | Noticed an ancient lich
 81604 | Zot:5    | Paralysed by an ancient lich for 3 turns
 81610 | Zot:5    | Killed an ancient lich
 82531 | Zot:5    | Reached skill level 17 in Spellcasting
 82622 | Zot:5    | Got the Orb of Zot
 82708 | Zot:5    | Noticed Cela Heip the pandemonium lord
 82857 | Depths:2 | Lost mutation: You are very frail. (-20% HP) [potion of
                  | mutation]
 82857 | Depths:2 | Lost mutation: You sometimes yell uncontrollably at your
                  | foes. [potion of mutation]
 82857 | Depths:2 | Lost mutation: Scrolls take you a little longer to read.
                  | [potion of mutation]
 82857 | Depths:2 | Lost mutation: You are frail. (-10% HP) [potion of
                  | mutation]
 82857 | Depths:2 | Lost mutation: You occasionally shout uncontrollably at
                  | your foes. [potion of mutation]
 82857 | Depths:2 | Gained mutation: You expend magic power (3 MP) to
                  | strengthen your wands. [potion of mutation]
 82857 | Depths:2 | Gained mutation: You are partially covered in iridescent
                  | scales. (AC +2) [potion of mutation]
 83317 | D:$      | Escaped with the Orb!

Skill      XL: |  1  2  3  4  5  6  7  8  9 10 11 12 13 14 15 16 17 18 19 20 21 22 23 24 25 26 27 |
---------------+----------------------------------------------------------------------------------+-----
Stealth        | 2 3 4 8 |  8.0
Fighting       | 1 2 3 4 6 7 9 10 11 13 14 15 16 17 18 19 20 21 | 21.0
Spellcasting   | 3 4 5 6 7 8 9 10 11 12 13 14 17 | 17.5
Dodging        | 2 3 4 6 7 8 10 11 12 13 14 15 16 17 | 17.0
Invocations    | 6 7 9 11 13 15 17 18 19 20 22 | 22.0
Evocations     | 4 6 8 9 13 | 13.0
Armour         | 3 4 6 7 9 10 11 12 13 14 15 | 15.0
Short Blades   | 2 8 10 | 10.0
Shields        | 4 8 9 10 12 13 14 15 16 17 | 17.0
Conjurations   | | 17.5
Hexes          | | 17.5
Charms         | | 17.5
Summonings     | | 17.5
Necromancy     | | 17.5
Translocations | | 17.5
Transmutations | | 17.5
Fire Magic     | | 17.5
Ice Magic      | | 17.5
Air Magic      | | 17.5
Earth Magic    | | 17.5
Poison Magic   | | 17.5

Action                   |  1- 3 |  4- 6 |  7- 9 | 10-12 | 13-15 | 16-18 | 19-21 | 22-24 | 25-27 || total
-------------------------+-------+-------+-------+-------+-------+-------+-------+-------+-------++-------
Melee: Short sword       |       |    78 |    30 |       |       |       |       |       |       ||   108
       Staff             |       |     9 |       |       |       |       |       |       |       ||     9
       Headbutt          |       |    15 |    18 |    36 |   156 |   199 |   326 |   436 |   453 ||  1639
       Bite              |       |     5 |     9 |    11 |    80 |   117 |   214 |   240 |   294 ||   970
       Halberd           |       |     3 |   124 |    59 |       |       |       |       |       ||   186
       Quick blade       |       |       |       |   115 |   939 |  1102 |  1302 |  1603 |  1846 ||  6907
       Quarterstaff      |       |       |       |       |     1 |       |       |       |       ||     1
       Rapier            |       |       |       |       |       |       |     5 |       |       ||     5
       Hand axe          |       |       |       |       |       |       |       |    22 |     2 ||    24
Throw: Tomahawk          |       |     2 |    15 |    46 |    27 |    43 |    48 |    24 |    15 ||   220
 Cast: Magic Dart        |    79 |   115 |    30 |     6 |       |       |       |       |       ||   230
       Call Imp          |     2 |    18 |    35 |    14 |    11 |     8 |     1 |       |       ||    89
       Mephitic Cloud    |       |    13 |    29 |    71 |   131 |   103 |    91 |    26 |     8 ||   472
       Infusion          |       |     1 |       |     2 |    35 |    30 |    41 |    65 |   125 ||   299
       Ignite Poison     |       |       |    18 |    62 |   112 |   100 |    85 |    25 |     6 ||   408
       Blink             |       |       |       |     2 |       |       |     1 |     1 |     5 ||     9
       Bolt of Magma     |       |       |       |     9 |    63 |    12 |    56 |    80 |    88 ||   308
       Tukima's Dance    |       |       |       |       |       |    17 |       |       |       ||    17
       Animate Dead      |       |       |       |       |       |     3 |       |     2 |       ||     5
       Infestation       |       |       |       |       |       |       |       |    11 |     9 ||    20
       Monstrous Menager |       |       |       |       |       |       |       |       |     8 ||     8
Invok: Upheaval          |       |       |       |     1 |     1 |     6 |    16 |    16 |    19 ||    59
       Elemental Force   |       |       |       |       |     2 |     9 |     2 |     5 |     8 ||    26
       Disaster Area     |       |       |       |       |       |     4 |     2 |       |     2 ||     8
 Abil: Evoke Invisibilit |       |       |       |       |       |       |       |     2 |    21 ||    23
       Evoke Blink       |       |       |       |       |       |       |       |       |     1 ||     1
Evoke: Wand              |       |       |       |       |     2 |     7 |     5 |       |    19 ||    33
       Lamp of fire      |       |       |       |       |       |       |       |     2 |     4 ||     6
       Phial of floods   |       |       |       |       |       |       |       |       |     1 ||     1
  Use: Scroll            |       |     7 |     5 |    12 |     8 |     5 |     5 |     3 |    19 ||    64
       Potion            |       |     1 |       |     1 |       |     4 |     2 |     4 |    16 ||    28
 Stab: Confused          |       |     2 |     7 |     6 |    29 |    10 |    12 |     5 |     2 ||    73
       Distracted        |       |     1 |       |       |       |       |     1 |     3 |     8 ||    13
       Sleeping          |       |       |     2 |       |       |       |       |       |       ||     2
       Invisible         |       |       |       |       |       |       |       |    10 |    42 ||    52
       Paralysed         |       |       |       |       |       |       |       |       |     8 ||     8
  Eat: Chunk             |     2 |    15 |    15 |    18 |    45 |    23 |    44 |    38 |    34 ||   234
       Ration            |       |     1 |     3 |     3 |     5 |     7 |     7 |     8 |    17 ||    51
Armor: Animal skin       |     2 |     1 |       |       |       |       |       |       |       ||     3
       Leather armour    |       |    15 |    40 |    51 |    47 |       |       |       |       ||   153
       Troll leather arm |       |       |       |       |    47 |       |       |       |       ||    47
       Ring mail         |       |       |       |       |    81 |   203 |   169 |   288 |   333 ||  1074
Dodge: Dodged            |     6 |    44 |    82 |   116 |   294 |   432 |   242 |   315 |   552 ||  2083
       Deflected         |       |       |     5 |       |    21 |    70 |    31 |    35 |    47 ||   209
Block: Other             |       |       |       |    14 |   150 |       |       |       |       ||   164
       Medium shield     |       |       |       |       |    68 |   880 |   837 |  1126 |  1343 ||  4254
       Reflection        |       |       |       |       |       |       |    91 |    54 |    89 ||   234

Levels and vault maps discovered:
D:1:      shiori_shiawase, layout_rooms, minmay_pentomino_q4
D:2:      layout_basic, kennysheep_doodads
D:3:      layout_loops_ring, nicolae_ashenzari_panopticon, okawaru_trees_1,
          first_ration, serial_rivers, chequers_serial_rivers_large_b,
          chequers_serial_rivers_room_b, chequers_serial_rivers_room_b,
          chequers_serial_rivers_micro_a, chequers_serial_rivers_micro_b,
          chequers_serial_rivers_micro_c, uniq_terence
D:4:      layout_basic, lemuel_doored_altar, serial_shops, kennysheep_mini,
          uniq_duvessa
D:5:      layout_basic, old_standard_altar, gup_ossuary_entry_pyramid,
          basic_altar
D:6:      layout_loops_ring, lightli_temple_of_fire,
          minmay_temple_entry_antechambers, chequers_serial_rivers_micro_b
D:7:      layout_cave_pods, due_lair_maze_entry_diamond, serial_shops,
          shop_statue
D:8:      layout_cave_pods, serial_shops, nicolae_shop_behind_doors, uniq_psyche
D:9:      layout_gridville, old_standard_altar, nicolae_uskayaw_dance_hall,
          bhauth_orc_berserkers, basic_altar, blue_anna_alchemist
          [blue_anna_fruit_fields, blue_anna_fruit_fields]
D:10:     layout_grid_maze
D:11:     layout_big_octagon, skrybe_vaults_entry_preservation, serial_park
D:12:     grunt_enter_depths_magical_seal, layout_irregular_city,
          hangedman_cracks_in_the_wall
Temple:   eino_temple_rhombus
Lair:1:   layout_misc_corridors
Lair:2:   statuecave_lemuel, layout_big_grid,
          bhauth_snake_entry_sphinx_in_a_box, nicolae_volcano_entry_hallway,
          serial_bayou_pond_a, infiniplex_staircase_pool, serial_bayou_shore_a,
          lemuel_fruit_tree
Lair:3:   layout_regular_city, gammafunk_ghost_split,
          chequers_serial_rivers_large_a, st_stairs_7
Lair:4:   layout_cave_pods, bhauth_shoals_entry_nymph_pool, serial_bayou_pond_d,
          minivault_29, minmay_lair_oklob_chamber, serial_bayou_shore_b
Lair:5:   layout_misc_corridors
Lair:6:   grunt_lair_end_beastmaster, layout_misc_corridors,
          dpeg_slime_entry_enclosed_altar, ldierk_geyser
Shoals:1: layout_shoals, st_cyclops, uniq_louise
Shoals:2: layout_shoals, uniq_polyphemus
Shoals:3: shoals_end_grunt_ice, layout_shoals, serial_shops, freezing_bzr
Snake:1:  layout_onion_interference, spider_trap, hangedman_snake_corridor_cut,
          grunt_megastairs_5
Snake:2:  cheibrodos_snake_ritualist_ritual, layout_rooms
Snake:3:  grunt_snake_rune_serpentine_throne, layout_basic, uniq_aizul
Slime:1:  layout_caves
Slime:2:  layout_caves
Slime:3:  layout_caves
Slime:4:  layout_caves
Slime:5
Orc:      pf_orc_diabolical, layout_caves
Elf:1:    eino_elf_arrival_the_gate, layout_loops_corners, evilmike_minifort,
          minivault_16
Elf:2:    layout_onion_city, serial_shops, shop_fountains,
          einodemon_barbed_minivault
Elf:3:    elf_hall_gauntlet_wide, layout_geoelf_diagonals
Vaults:1: hangedman_vaults_stream, grunt_vaults_twisty,
          nicolae_vaults_circle_grid_a, vaults_room_large_hall,
          vaults_mumra_hex, nicolae_vaults_quartermaster,
          vaults_room_grunt_arrival_ludios, hangedman_vaults_corner,
          vaults_dpeg_doors, vaults_room_large_hall, vaults_room_fancy_cross,
          nicolae_vaults_little_squares_6, layout_vaults_omnibox
Vaults:2: v_alt_pattern_4, ontoclasm_vaults_idyll, ontoclasm_vaults_fault,
          ontoclasm_vaults_chip, nicolae_vaults_network_periphery,
          ontoclasm_vaults_chip, v_pattern_4, hangedman_vaults_maws,
          grunt_vaults_swirl, vaults_dpeg_ring,
          minmay_crypt_entry_simple_corners, vaults_dpeg_encased_lava,
          layout_vaults_ring, serial_shops, shop, uniq_mara
Vaults:3: serial_shops
Crypt:1:  layout_gridlike, basic_altar
Depths:1: layout_roguey, hangedman_abyss_or_decor_passed, hell_entry,
          hangedman_stitches_earthworm, grunt_megastairs_3
Depths:2: hangedman_cross_cluster, layout_cave_shapes, enter_ziggurat_c,
          nicolae_trove_entry_columns, grunt_hell_entry_dis_old,
          dk_noncrumbling_2, kennysheep_cross_bottleneck
Depths:3: hangedman_pleasuredromes, hell_entry, pan_entry, abyss_entry
Depths:4: kennysheep_scales, layout_gridlike,
          nicolae_abyss_entry_one_way_or_another, pf_coc_iceberg, serial_curves,
          eino_curves_02, eino_curves_02, uniq_sojobo, uniq_boris
Depths:5: grunt_crosshair, layout_long_grid, serial_glass, glass_columns_b,
          glass_columns_b, grunt_decor_clamped, hell_entry, serial_shops,
          nicolae_shop_overgrown_old_shop, grunt_megastairs_2
Zot:1:    layout_misc_corridors
Zot:2:    layout_gridlike
Zot:3:    layout_misc_corridors, uniq_tiamat
Zot:4:    ebering_greatest_show_in_zot, layout_basic, grunt_ministairs_3,
          hangedman_zot_diagonal_lockstep
Zot:5:    layout_gridlike, ebering_ghost_inner_flame

Table legend:
 A = Turns spent in this place as a percentage of turns spent in the entire game.
 B = Non-inter-level travel turns spent in this place as a percentage of non-inter-level travel turns spent in the entire game.
 C = Inter-level travel turns spent in this place as a percentage of turns spent in this place.
 D = Turns resting spent in this place as a percentage of non-inter-level travel turns spent in this place.
 E = Turns spent auto-exploring this place as a percentage of non-inter-level travel turns spent in this place.
 F = Non-inter-level travel turns spent in this place divided by the number of levels of this place that you've seen.
                   A       B       C       D       E      F
               +-------+-------+-------+-------+-------+----------------------
         Total | 100.0 | 100.0 |   9.0 |  33.4 |  41.6 | 1486.3
       Dungeon |  22.5 |  21.1 |  14.9 |  20.3 |  58.7 | 1330.0
        Temple |   0.2 |   0.2 |  26.0 |   0.0 |  97.6 | 125.0
          Lair |  11.7 |  11.0 |  14.7 |  27.3 |  54.9 | 1391.3
        Shoals |   4.4 |   4.4 |   7.2 |  22.3 |  49.2 | 1121.7
     Snake Pit |   8.0 |   8.2 |   6.8 |  38.6 |  32.3 | 2078.7
    Slime Pits |   5.2 |   5.3 |   6.3 |  47.4 |  24.3 | 808.4
  Orcish Mines |   2.3 |   2.4 |   5.3 |  26.8 |  40.1 | 1844.0
   Elven Halls |   5.7 |   6.0 |   5.0 |  14.6 |  55.8 | 1511.7
        Vaults |  11.3 |  11.5 |   7.5 |  39.5 |  37.8 | 2898.7
         Crypt |   0.4 |   0.4 |   0.0 |   0.0 |  25.9 | 316.0
        Depths |  15.5 |  15.5 |   8.6 |  31.2 |  44.3 | 2356.0
           Zot |  11.8 |  12.8 |   0.9 |  64.4 |   8.2 | 1945.4
         Abyss |   0.3 |   0.4 |   0.0 |   0.0 |   0.4 | 281.0
        Bazaar |   0.2 |   0.2 |   0.0 |   0.0 |  69.7 | 132.0
       Ossuary |   0.5 |   0.5 |   0.0 |  37.3 |  15.7 | 413.0
               +-------+-------+-------+-------+-------+----------------------

Table legend:
 A = Kills in this place as a percentage of kills in entire the game.
 B = Kills by you in this place as a percentage of kills by you in the entire game.
 C = Kills by friends in this place as a percentage of kills by friends in the entire game.
 D = Other kills in this place as a percentage of other kills in the entire game.
 E = Experience gained in this place as a percentage of experience gained in the entire game.
 F = Experience gained in this place divided by the number of levels of this place that you have seen.
                   A       B       C       D       E      F
               +-------+-------+-------+-------+-------+----------------------
         Total | 100.0 | 100.0 | 100.0 | 100.0 | 100.0 | 32630.3
       Dungeon |  17.7 |  18.4 |  13.4 |   7.5 |   4.6 | 6344.8
          Lair |   8.4 |   8.5 |   6.0 |   8.6 |   3.4 | 9484.2
        Shoals |   6.2 |   5.7 |  13.4 |   7.5 |   4.3 | 23818.0
     Snake Pit |   9.5 |   9.7 |   8.2 |   7.5 |   7.2 | 40156.0
    Slime Pits |   6.9 |   6.7 |  12.7 |   3.2 |   5.9 | 19564.8
  Orcish Mines |   4.1 |   4.4 |   0.0 |   3.2 |   1.3 | 21825.0
   Elven Halls |   6.5 |   5.8 |  13.4 |  11.8 |   6.0 | 33256.3
        Vaults |  13.6 |  12.2 |  18.7 |  36.6 |  16.5 | 91498.7
         Crypt |   1.3 |   1.4 |   0.0 |   0.0 |   0.8 | 13765.0
        Depths |  14.2 |  15.1 |   4.5 |   8.6 |  20.4 | 67857.4
           Zot |   9.5 |  10.1 |   3.0 |   5.4 |  28.4 | 94568.6
         Abyss |   1.4 |   1.5 |   0.0 |   0.0 |   1.2 | 19259.0
       Ossuary |   0.7 |   0.3 |   6.7 |   0.0 |   0.0 | 111.0
               +-------+-------+-------+-------+-------+----------------------
